 Dungeon Crawl Stone Soup version 0.20.1-1-g8b1a95d (webtiles) character file.

2538 papiloppo the Cleaver (level 9, -31/81 HPs)
             Began as a Minotaur Berserker on Nov 21, 2017.
             Was an Elder of Trog.
             Annihilated by a two-headed ogre
             ... wielding a +0 giant club
              (32 damage)
             ... on level 8 of the Dungeon.
             The game lasted 00:21:38 (6491 turns).

papiloppo the Cleaver (Minotaur Berserker)          Turns: 6491, Time: 00:21:39

Health: -31/81     AC:  4    Str: 28    XL:     9   Next: 30%
Magic:  8/8        EV: 15    Int:  4    God:    Trog [****..]
Gold:   269        SH:  0    Dex:  9    Spells: 8/8 levels left

rFire    . . .     SeeInvis +   a - +0 hand axe
rCold    + . .     Gourm    .   (no shield)
rNeg     . . .     Faith    .   t - +6 leather armour "Deistrupy" {rElec rPois rF+}
rPois    +         Spirit   .   (helmet restricted)
rElec    +         Reflect  .   I - +0 cloak {MR+}
rCorr    .         Harm     +   x - +0 pair of gloves of Absence {rElec Str+2 SInv}
MR       +....                  (no boots)
Stlth    +.........             k - amulet of harm
Regen    0.3/turn               h - ring of flight
MPRegen  0.2/turn               i - ring of ice

@: corroded
A: retaliatory headbutt, horns 2
a: Berserk, Trog's Hand, Brothers in Arms, Burn Spellbooks, Renounce Religion,
Evoke Flight


You were on level 8 of the Dungeon.
You worshipped Trog.
Trog was greatly pleased with you.
You were not hungry.

You visited 1 branch of the dungeon, and saw 8 of its levels.

You collected 359 gold pieces.
You spent 90 gold pieces at shops.

Inventory:

Hand Weapons
 a - a +0 hand axe (weapon)
 J - a +3 quarterstaff of chaos
Armour
 t - the +6 leather armour "Deistrupy" (worn) {rElec rPois rF+}
   (You found it on level 4 of the Dungeon)

   It protects you from fire.
   It insulates you from electricity.
   It protects you from poison.
 v - a scarf of spirit shield
 x - the +0 pair of gloves of Absence (worn) {rElec Str+2 SInv}
   (You found it on level 5 of the Dungeon)

   It affects your strength (+2).
   It insulates you from electricity.
   It lets you see invisible.
 I - a +0 cloak of magic resistance (worn)
Jewellery
 h - a ring of flight (left hand)
 i - a ring of ice (right hand)
 k - an amulet of harm (around neck)
 y - a -2 ring of protection
 G - an uncursed amulet of harm
Wands
 j - a wand of flame (30/48)
 o - a wand of enslavement (13/24)
Scrolls
 d - 3 scrolls of remove curse
 m - 2 scrolls of magic mapping {unknown}
 n - a scroll of enchant weapon {unknown}
 p - a scroll of immolation {unknown}
 r - 2 scrolls of fog {unknown}
 s - 2 scrolls of fear {unknown}
 B - a scroll of vulnerability {unknown}
 C - a scroll of teleportation {unknown}
 D - a scroll of enchant armour
Potions
 b - a potion of ambrosia
 e - a potion of brilliance
 l - a potion of resistance
 q - 3 potions of heal wounds
 w - a potion of berserk rage
 z - a potion of cancellation
 E - a potion of magic {unknown}
 F - a potion of curing
 H - a potion of mutation {unknown}
Comestibles
 c - 6 bread rations
 f - 4 meat rations
 u - 2 fruits
 A - 2 royal jellies


   Skills:
 + Level 8.3 Fighting
 + Level 8.6 Axes
 + Level 7.6 Armour
 + Level 7.3 Dodging
 - Level 0.3 Stealth


You had 8 spell levels left.
You didn't know any spells.

Dungeon Overview and Level Annotations

Branches:
Dungeon (8/15)             Temple (0/1) D:7
   Lair: D:8-11

Altars:
Vehumet
Zin

Shops:
D:7 }


Innate Abilities, Weirdness & Mutations

You reflexively headbutt those who attack you in melee.
You have a pair of horns on your head.


Message History

The two-headed ogre is heavily wounded.
The two-headed ogre hits you with a giant club.
The two-headed ogre hits you with a giant club!
You hit the two-headed ogre. You headbutt the two-headed ogre!
The two-headed ogre is almost dead.
You slash the jelly!
Your hands burn!
The jelly closely misses you. The two-headed ogre barely misses you.
The two-headed ogre hits you with a giant club!!
* * * LOW HITPOINT WARNING * * *
You barely miss the two-headed ogre.
You headbutt the two-headed ogre, but do no damage.
The two-headed ogre is almost dead.
You hit the jelly. The acid corrodes you!
Your hands burn!
* * * LOW HITPOINT WARNING * * *
The jelly hits you.
* * * LOW HITPOINT WARNING * * *
The acid corrodes you!
You are splashed with acid!
The acid burns!
* * * LOW HITPOINT WARNING * * *
The two-headed ogre hits you with a giant club!!
You die...

########
#>.....#
#......#
#......#
#......#
#......#
#......#
#J# #@#
#O# ..#
...#
.....
....#.
..... .
......
..


You could see a two-headed ogre and a jelly.

Vanquished Creatures
  A deep elf mage (D:7)
  Eustachio (D:6)
  A hungry ghost (D:7)
  Duvessa (D:6)
  A black bear (D:6)
  An ice beast (D:6)
  A sky beast (D:6)
  An ogre (D:4)
  2 centaurs
  2 bullfrogs
  Dowan (D:6)
  A scorpion (D:7)
  The ghost of dscm the Chucker, a weakling TrHu (D:4)
  4 killer bees (D:7)
  A crimson imp (D:6)
  A centaur zombie (D:6)
  A bullfrog zombie (D:5)
  4 hounds
  A bullfrog skeleton (D:7)
  A jelly (D:6)
  A quasit (D:6)
  Crazy Yiuf (D:7)
  2 centaur skeletons (D:7)
  An orc wizard (D:4)
  An iguana (D:6)
  4 worker ants
  A worker ant zombie (D:7)
  12 adders
  3 gnolls
  2 howler monkey skeletons
  2 shadow imps
  3 dart slugs (D:1)
  4 leopard geckos
  21 orcs
  2 ball pythons
  7 bats
  6 giant cockroaches
  7 goblins
  9 hobgoblins
  10 jackals
  8 kobolds
  3 quokkas
  6 frilled lizards
  A jackal skeleton (D:6)
  A quokka skeleton (D:4)
  6 rats
152 creatures vanquished.

Vanquished Creatures (others)
  A fungus (D:7)
1 creature vanquished.

Grand Total: 153 creatures vanquished

Notes
Turn   | Place    | Note
-------+----------+-------------------------------------------
     0 | D:1      | papiloppo the Minotaur Berserker began the quest for the Orb.
     0 | D:1      | Reached XP level 1. HP: 19/19 MP: 0/0
   264 | D:1      | Reached XP level 2. HP: 24/27 MP: 1/1
   759 | D:1      | Reached XP level 3. HP: 32/33 MP: 2/2
  1117 | D:2      | Reached ** piety under Trog
  1590 | D:3      | Reached XP level 4. HP: 38/41 MP: 3/3
  1832 | D:4      | Noticed dscm's ghost (weakling TrHu)
  1850 | D:3      | HP: 1/41 [gnoll/spear (5)]
  1855 | D:4      | HP: 1/41 [quokka skeleton (1)]
  2205 | D:3      | Reached *** piety under Trog
  2208 | D:3      | Reached XP level 5. HP: 46/47 MP: 4/4
  2332 | D:3      | Reached skill level 5 in Axes
  2350 | D:3      | Reached skill level 5 in Fighting
  2688 | D:4      | Killed dscm's ghost
  2790 | D:4      | Reached XP level 6. HP: 54/56 MP: 5/5
  3207 | D:4      | Got a distressingly furry leather armour
  3218 | D:4      | Identified the +6 leather armour "Deistrupy" {rElec rPois rF+} (You found it on level 4 of the Dungeon)
  3680 | D:5      | Entered Level 5 of the Dungeon
  3966 | D:5      | Reached XP level 7. HP: 61/61 MP: 6/6
  4014 | D:5      | Got a pair of bloodstained gloves
  4020 | D:5      | Identified the +0 pair of gloves of Absence {rElec Str+2 SInv} (You found it on level 5 of the Dungeon)
  4136 | D:5      | Reached skill level 5 in Dodging
  4364 | D:6      | Noticed Eustachio
  4367 | D:6      | Reached **** piety under Trog
  4380 | D:6      | Killed Eustachio
  4380 | D:6      | Reached skill level 5 in Armour
  4467 | D:6      | Reached XP level 8. HP: 48/71 MP: 7/7
  4776 | D:6      | Noticed Dowan
  4777 | D:6      | Noticed Duvessa
  4786 | D:6      | Killed Duvessa
  4789 | D:6      | Killed Dowan
  4911 | D:6      | Found Zin's Purification Station.
  4911 | D:6      | Found a glowing silver altar of Zin.
  4919 | D:6      | Bought a potion of curing for 90 gold pieces
  5001 | D:7      | Found a staircase to the Ecumenical Temple.
  5285 | D:7      | Reached XP level 9. HP: 77/80 MP: 8/8
  5445 | D:7      | Found a radiant altar of Vehumet.
  5496 | D:7      | Found Ebly's Gadget Emporium.
  5657 | D:7      | Noticed a deep elf mage
  5676 | D:7      | Killed a deep elf mage
  5953 | D:7      | Found a runed door.
  6046 | D:7      | Noticed Crazy Yiuf
  6051 | D:7      | Killed Crazy Yiuf
  6170 | D:8      | Noticed a two-headed ogre
  6490 | D:8      | HP: 1/81 [acid (12)]
  6491 | D:8      | Annihilated by a two-headed ogre

Skill      XL: |  1  2  3  4  5  6  7  8  9 |
---------------+----------------------------+-----
Fighting       | 4 5 6 7 8 |  8.3
Axes           | 4 5 6 8 |  8.6
Dodging        | 3 4 5 7 |  7.3
Armour         | 3 4 5 7 |  7.6
Stealth        | |  0.3

Action                   |  1- 3 |  4- 6 |  7- 9 || total
-------------------------+-------+-------+-------++-------
Melee: Hand axe          |    85 |   151 |   194 ||   430
       Headbutt          |    13 |    34 |    45 ||    92
  Use: Scroll            |     4 |     2 |     6 ||    12
  Eat: Chunk             |     1 |     4 |     5 ||    10
       Bread ration      |       |     1 |     2 ||     3
Armor: Animal skin       |     4 |       |       ||     4
       Ring mail         |    17 |    30 |       ||    47
       Leather armour    |       |    15 |    86 ||   101
Dodge: Dodged            |    65 |    97 |   157 ||   319
